 Dungeon Crawl Stone Soup version 0.28.0 (webtiles) character file.

Game seed: 6025558483232491539

195 browni3141 the Chopper (level 5, -6/47 HPs)
             Began as a Minotaur Berserker on Feb 15, 2022.
             Was a Believer of Trog.
             Mangled by a gnoll (14 damage)
             ... on level 4 of the Dungeon.
             The game lasted 00:01:15 (2682 turns).

browni3141 the Chopper (Minotaur Berserker)         Turns: 2682, Time: 00:01:16

Health: -6/47      AC:  2    Str: 24    XL:     5   Next: 45%
Magic:  4/4        EV: 12    Int:  4    God:    Trog [**....]
Gold:   105        SH:  0    Dex:  9    Spells: 4/4 levels left

rFire   . . .      SeeInvis .   e - +0 war axe
rCold   . . .      Faith    .   (no shield)
rNeg    . . .      Spirit   .   b - +0 animal skin
rPois   .          Reflect  .   (helmet restricted)
rElec   .          Harm     .   (no cloak)
rCorr   .          Rampage  .   (no gloves)
Will    .....                   (no boots)
Stlth   +.........              (no amulet)
HPRegen 0.15/turn               (no ring)
MPRegen 0.09/turn               (no ring)

@: on berserk cooldown, slowed, very slow
A: horns 2, retaliatory headbutt
a: Renounce Religion, Berserk, Trog's Hand


You were on level 4 of the Dungeon.
You worshipped Trog.
Trog was pleased with you.
You visited 1 branch of the dungeon, and saw 4 of its levels.

You collected 105 gold pieces.

Inventory:

Hand Weapons
 a - a +0 hand axe
 e - a +0 war axe (weapon)
Armour
 b - a +0 animal skin (worn)
Jewellery
 g - an amulet of reflection
 i - a ring of protection from cold
Scrolls
 c - 3 scrolls of identify {unknown}
 d - a scroll of enchant armour {unknown}
 j - a scroll of immolation {unknown}
 k - 2 scrolls of magic mapping {unknown}
 n - a scroll of amnesia {unknown}
Potions
 f - a potion of resistance {unknown}
 h - 2 potions of attraction {unknown}
 l - a potion of cancellation {unknown}
 m - a potion of magic {unknown}


   Skills:
 + Level 4.8 Fighting
 + Level 4.9 Axes
 + Level 4.0 Armour
 + Level 3.6 Dodging


You had 4 spell levels left.
You didn't know any spells.
Your spell library was empty.

Dungeon Overview and Level Annotations

Branches:
Dungeon (4/15)
 Temple: D:4-7

Altars:
Fedhas
Makhleb
Nemelex Xobeh

Annotations:
D:4 Ijyb


Innate Abilities, Weirdness & Mutations

You have a pair of horns on your head.
You reflexively headbutt those who attack you in melee.


Message History

Unknown command.
Unknown command.
Things that are here:
a +0 flail; an orc corpse Unknown command.
Found a glowing ring mail.
You feel a strong urge to attack something.
The gnoll hits you with a +0 flail!
Ijyb the Twisted Goblin comes into view.
She is wielding a +0 club, wearing a +3 leather armour of cold resistance and carrying a wand of mindburst (13).
Unknown command.
Ijyb shouts!
You slash the gnoll!
You kill the gnoll!
Trog accepts your kill.
The gnoll throws a throwing net.
The throwing net closely misses you.
Found a scale mail.
The gnoll throws a throwing net.
The throwing net hits you.
You become entangled in the net!
Things that are here:
a throwing net; a +0 flail; 8 gold pieces Unknown command.
You tear a large gash into the net.
You feel a strong urge to attack something.
You struggle against the net.
You are no longer berserk.
You are exhausted.
You feel yourself slow down.
The gnoll hits you from afar with a +0 halberd!
You shred the net and break free!
The gnoll hits you from afar with a +0 halberd!
* * * LOW HITPOINT WARNING * * *
A gnoll comes into view. It is wielding a +0 halberd.
The gnoll misses you. You furiously retaliate!
You headbutt the gnoll! The gnoll barely misses you.
You slash the gnoll!
You kill the gnoll!
Trog accepts your kill.
The gnoll throws a stone.
The stone hits you.
* * * LOW HITPOINT WARNING * * *
Found a scroll labelled KECKE TEETZAGH.
The gnoll hits you with a +0 halberd!
You die...

#.##.# #)..#
#?)# #))# #))#
#(.# #
#.#.)####.####
#......[.....
#[####@##.###
#. #gg.# #
#......
#.......#
...........
#.#..?....##.
#.#......## .
# #.#...##


You could see Ijyb and a gnoll.

Vanquished Creatures
  An ogre (D:4)
  2 gnolls (D:4)
  2 adders
  2 worms (D:2)
  2 dart slugs (D:1)
  7 orcs
  3 bats
  7 endoplasms
  4 giant cockroaches
  3 goblins
  3 hobgoblins
  2 quokkas
  4 ball pythons
  A frilled lizard (D:1)
  4 kobolds
  4 rats
51 creatures vanquished.

Notes
Turn   | Place    | Note
-------+----------+-------------------------------------------
     0 | D:1      | browni3141 the Minotaur Berserker began the quest for the
                  | Orb.
     0 | D:1      | Reached XP level 1. HP: 19/19 MP: 0/0
    25 | D:1      | Found a faded altar of an unknown god.
   197 | D:1      | Reached XP level 2. HP: 27/27 MP: 1/1
  1304 | D:3      | Reached ** piety under Trog
  1340 | D:3      | Reached XP level 3. HP: 33/33 MP: 2/2
  1564 | D:3      | Found a sparkling altar of Nemelex Xobeh.
  2098 | D:3      | Found a blossoming altar of Fedhas.
  2099 | D:3      | Found a burning altar of Makhleb.
  2584 | D:2      | Reached XP level 4. HP: 41/41 MP: 3/3
  2664 | D:4      | Noticed an ogre
  2667 | D:4      | Killed an ogre
  2668 | D:4      | Reached XP level 5. HP: 47/47 MP: 4/4
  2674 | D:4      | Noticed Ijyb
  2682 | D:4      | Mangled by a gnoll

Illustrated notes

Levels and vault maps discovered:
D:1:      tarquinn_simple_flora_water_f, layout_basic, serial_glass,
          glass_columns_b, glass_columns_a, glass_columns_a, glass_columns_c,
          hellmonk_ecumenical_altar_arch_garden, minmay_stone_trees_small,
          grunt_decor_junction
D:2:      layout_basic
D:3:      wad_pebble_path, layout_basic, gammafunk_temple_overflow_statue,
          nemelex_xobeh_ov_fountains_minmay
D:4:      layout_loops_ring, mainiacjoe_overflow_alcove_1,
          mainiacjoe_overflow_catwalk, general_overflow_altar, uniq_ijyb,
          uniq_edmund, uniq_natasha

Skill      XL: |  1  2  3  4  5 |
---------------+----------------+-----
Fighting       | 4 |  4.8
Armour         | 3 4 |  4.0
Axes           | 4 |  4.9
Dodging        | 3 |  3.6

Action                   |  1- 3 |  4- 6 || total
-------------------------+-------+-------++-------
Melee: Hand axe          |    35 |       ||    35
       Headbutt          |     7 |       ||     7
       War axe           |    45 |     8 ||    53
Invok: Berserk           |       |     1 ||     1
Armor: Animal skin       |    13 |       ||    13
Dodge: Dodged            |    74 |     6 ||    80
